 Dungeon Crawl Stone Soup version 0.31-a0-175-g9f7f995f2b (webtiles) character file.

Game seed: 10122363535283030094

8643 qw the Skirmisher (level 11, -6/71 HPs)
             Began as a Gargoyle Hunter on June 17, 2023.
             Was an Elder of Okawaru.
             Mangled by an elephant (14 damage)
             ... on level 2 of the Lair of Beasts.
             The game lasted 00:03:51 (9023 turns).

qw the Skirmisher (Gargoyle Hunter)                 Turns: 9023, Time: 00:03:52

Health: -6/71      AC: 22    Str: 16    XL:     11   Next: 34%
Magic:  14/14      EV: 18    Int:  9    God:    Okawaru [****..]
Gold:   1076       SH:  5    Dex: 23    Spells: 10/10 levels left

rFire   . . .        Y - +2 orcbow
rCold   . . .        (shield currently unavailable)
rNeg    + . .        h - +0 ring mail
rPois   inf          b - +0 helmet
rElec   +            (no cloak)
rCorr   .            l - +1 pair of gloves
SInv    .            (no boots)
Will    .....        o - amulet of reflection
Stlth   +++          e - +6 ring of dexterity
HPRegen 0.31/turn    s - +4 ring of protection
MPRegen 0.14/turn

%: reflection
@: about to teleport, heroic, slowed, very slow
A: sickness immunity, AC +8, negative energy resistance 1, electricity
resistance, torment resistance 1, petrification resistance
a: Renounce Religion, Heroism, Finesse


You were on level 2 of the Lair of Beasts.
You worshipped Okawaru.
Okawaru was greatly pleased with you.
You visited 2 branches of the dungeon, and saw 10 of its levels.

You collected 1076 gold pieces.


Innate Abilities, Weirdness & Mutations

You are immune to sickness and miasma.
Your stone body is resilient. (AC +8)
You are immune to poison.
You resist negative energy. (rN+)
You are resistant to electric shocks. (rElec)
You are resistant to unholy torment.
You are immune to petrification.


   Skills:
 - Level 9.0(14.0) Fighting
 + Level 13.6(18.6) Ranged Weapons
 - Level 4.1(9.1) Armour
 - Level 5.0(10.0) Dodging
 - Level 1.1(6.1) Stealth
 + Level 4.5 Invocations


You had 10 spell levels left.
You didn't know any spells.
Your spell library was empty.

Inventory:

Hand Weapons
 Y - a +2 orcbow (weapon)
Armour
 b - a +0 helmet (worn)
 h - a +0 ring mail (worn)
 i - a +1 robe of cold resistance
 l - a +1 pair of gloves (worn)
Jewellery
 d - a ring of resist corrosion
 e - a +6 ring of dexterity (left hand)
 f - a ring of ice
 m - a ring of resist corrosion
 o - an amulet of reflection (around neck)
 s - a +4 ring of protection (right hand)
Scrolls
 a - a scroll of identify
 g - a scroll of teleportation
Potions
 c - a potion of curing
 j - 2 potions of might
 k - 2 potions of attraction
 n - a potion of haste
 p - a potion of resistance
 q - a potion of lignification

Dungeon Overview and Level Annotations

Branches:
Dungeon (8/15)             Temple (0/1) D:4            Lair (2/5) D:8
  Swamp: Lair:2-3    Shoals: Lair:2-3     Snake: Lair:2-3    Spider: Lair:2-3

Altars:
Dithmenos
Kikubaaqudgha
Nemelex Xobeh
Okawaru
Sif Muna
Trog
Vehumet
Yredelemnul
The Shining One

Shops:
D:3 (

Annotations:
D:2 1 runed translucent door, Crazy Yiuf
D:8 1 runed translucent door, qw's ghost, novice GrFi
Lair:1 qw's ghost, novice GrFi


Message History

The elephant trunk-slaps you but does no damage.
The cane toad barely misses you. You block the cane toad's attack.
The elephant closely misses you. The elephant trunk-slaps you.
The yak completely misses you. You block the elephant's attack.
The elephant barely misses you. The yak closely misses you.
The elephant barely misses you. The elephant misses you.
The elephant tramples you but does no damage.
The elephant trunk-slaps you.
You shoot an arrow.
The arrow hits the elephant but does no damage.
The elephant is severely wounded.
The cane toad closely misses you. You block the cane toad's attack.
The elephant closely misses you.
The elephant trunk-slaps you but does no damage.
The elephant barely misses you. The elephant completely misses you.
The elephant tramples you but does no damage.
The elephant barely misses you. The yak closely misses you.
The elephant tramples you but does no damage.
You block the elephant's attack. The yak gores you.
The cane toad stings you but does no damage.
You shoot an arrow. The arrow hits the elephant!!
The elephant is almost dead.
The cane toad completely misses you. The elephant tramples you.
You hold your ground!
The elephant closely misses you. The cane toad closely misses you.
The elephant tramples you!
You hold your ground!
The elephant completely misses you. The elephant tramples you!
You hold your ground!
The elephant misses you. The elephant closely misses you.
You block the elephant's attack. The yak gores you.
A polar bear comes into view.
The yak gores you! The cane toad misses you.
9023 ||| READING 2 scrolls of teleportation.
As you read the scroll of teleportation, it crumbles to dust.
You feel strangely unstable.
The cane toad stings you but does no damage.
The elephant barely misses you. The elephant misses you.
The yak gores you but does no damage. The elephant closely misses you.
The elephant trunk-slaps you but does no damage.
The elephant tramples you!
You die...

..........h....
................
.................
................#
#.....>.........#
#.......wYY.?...#
.......FYY......
...P...YY@YY.....
....##..YYF......
#.............
P.............###
####.....P.#.##
##..####### ##.
##


You could see 6 elephants, a torpor snail, a polar bear (wandering), 4 yaks and
2 cane toads.

Vanquished Creatures
  Fannar (Lair:1)
  A centaur warrior (D:8)
  A two-headed ogre (D:8)
  2 cane toads (Lair:1)
  3 slime creatures (D:8)
  Sigmund (D:2)
  A wyvern (D:8)
  10 yaks
  2 basilisks
  2 steam dragons
  5 water moccasins
  2 orc warriors (D:8)
  A black bear (D:8)
  An ogre (D:6)
  4 centaurs
  A kobold brigand (D:8)
  5 scorpions
  2 bullfrogs
  A gnoll sergeant (D:8)
  8 wights (D:7)
  6 killer bees (D:8)
  A vampire bat (D:4)
  A howler monkey (D:6)
  4 jellies
  3 hounds
  2 sleepcaps
  An orc priest (D:8)
  Jessica (D:2)
  7 iguanas
  Ijyb (D:5)
  6 orc wizards
  13 gnolls
  5 adders
  2 shadow imps
  A white imp (D:6)
  A worm (D:4)
  2 dart slugs
  3 fire bats (D:4)
  11 orcs
  2 spectral bats (D:4)
  15 bats
  3 bat skeletons (D:4)
  A bat zombie (D:4)
  5 endoplasms
  4 giant cockroaches
  19 goblins
  6 hobgoblins
  4 jackals
  3 quokkas
  5 ball pythons
  A bat simulacrum (D:4)
  4 frilled lizards
  8 kobolds
  5 rats
210 creatures vanquished.

Vanquished Creatures (others)
  A jelly (D:7)
1 creature vanquished.

Grand Total: 211 creatures vanquished

Notes
Turn   | Place    | Note
-------+----------+-------------------------------------------
     0 | D:1      | qw the Gargoyle Hunter began the quest for the Orb.
     0 | D:1      | Reached XP level 1. HP: 12/12 MP: 1/1
     0 | D:1      | 0 ||| qw: Version: 0.3-a-2-g5ab2908
     0 | D:1      | 0 ||| qw: Game counter: 207
     0 | D:1      | 0 ||| qw: Always use a shield: true
     0 | D:1      | 0 ||| qw: God list: Okawaru
     0 | D:1      | 0 ||| qw: Allow faded altars: false
     0 | D:1      | 0 ||| qw: Do Orc after D:15 true
     0 | D:1      | 0 ||| qw: Do second Lair branch before Depths: true
     0 | D:1      | 0 ||| qw: Lair rune preference: random
     0 | D:1      | 0 ||| qw: Plans: Normal, Zot:1-4, Slime:5, God:TSO, Crypt,
                  | Tomb, Abyss, Pan, Hells, Win
     0 | D:1      | 0 ||| PLANNING D:1-11
    89 | D:1      | Reached XP level 2. HP: 17/17 MP: 2/2
   128 | D:1      | HP: 4/17 [hobgoblin (1)]
   415 | D:1      | Reached XP level 3. HP: 21/21 MP: 3/3
   467 | D:1      | Reached skill level 5 in Ranged Weapons
  1162 | D:1      | 1162 ||| UPGRADING to +6 ring of dexterity.
  1163 | D:1      | 1163 ||| UPGRADING to ring of resist corrosion.
  1164 | D:1      | 1164 ||| READING 2 scrolls labelled XIJARU WYUVI.
  1165 | D:1      | 1165 ||| READING scroll labelled BOET HAADASK.
  1166 | D:1      | 1166 ||| READING scroll labelled TEROFO JAN GUDD.
  1170 | D:1      | 1170 ||| DROPPING scroll of butterflies.
  1385 | D:2      | Noticed Jessica
  1395 | D:2      | Killed Jessica
  1396 | D:2      | Reached skill level 3 in Fighting
  1396 | D:2      | Reached XP level 4. HP: 24/28 MP: 4/4
  1623 | D:2      | Found a runed translucent door.
  1624 | D:2      | Noticed Crazy Yiuf
  1839 | D:2      | Noticed Sigmund
  1845 | D:2      | Killed Sigmund
  1846 | D:2      | Reached skill level 6 in Ranged Weapons
  1846 | D:2      | Reached XP level 5. HP: 14/32 MP: 5/5
  1846 | D:2      | Reached XP level 6. HP: 17/37 MP: 6/6
  2258 | D:2      | 2258 ||| UPGRADING to +0 helmet.
  2263 | D:2      | 2263 ||| READING 2 scrolls labelled ARIYBE CANAESH.
  2264 | D:2      | 2264 ||| READING scroll labelled RIPAEL KOAKAALAB.
  2265 | D:2      | 2265 ||| READING scroll labelled JETWEOKHUN.
  2266 | D:2      | 2266 ||| READING 2 scrolls of identify.
  2266 | D:2      | 2266 ||| IDENTIFYING puce potion
  2267 | D:2      | 2267 ||| DROPPING scroll of amnesia.
  2268 | D:2      | 2268 ||| DROPPING potion of invisibility.
  2358 | D:3      | Found Saitor's Antique Weapon Shop.
  2376 | D:3      | 2376 ||| SHOPLISTING orcbow (105 gold, have 95).
  2471 | D:3      | Found a bloodstained altar of Trog.
  2894 | D:3      | 2894 ||| UPGRADING to +0 pair of gloves.
  2899 | D:3      | 2899 ||| READING scroll labelled BEOMOQ ACVO.
  2900 | D:3      | 2900 ||| READING scroll labelled GUAZOPS QORA.
  2901 | D:3      | 2901 ||| READING 5 scrolls of identify.
  2901 | D:3      | 2901 ||| IDENTIFYING red potion
  2902 | D:3      | 2902 ||| READING 4 scrolls of identify.
  2902 | D:3      | 2902 ||| IDENTIFYING grey potion
  2903 | D:3      | 2903 ||| READING 3 scrolls of identify.
  2903 | D:3      | 2903 ||| IDENTIFYING viscous purple potion
  2962 | D:4      | Reached skill level 1 in Armour
  3037 | D:4      | Found an iron altar of Okawaru.
  3038 | D:4      | 3038 ||| PLANNING OKAWARU WORSHIP
  3038 | D:4      | 3038 ||| READING 2 scrolls of identify.
  3038 | D:4      | 3038 ||| IDENTIFYING pink potion
  3046 | D:4      | Became a worshipper of Warmaster Okawaru
  3047 | D:4      | 3047 ||| PLANNING D:1-11
  3369 | D:4      | Found an ancient bone altar of Kikubaaqudgha.
  3633 | D:4      | Found a staircase to the Ecumenical Temple.
  3688 | D:4      | Reached skill level 7 in Ranged Weapons
  3777 | D:4      | Reached XP level 7. HP: 35/43 MP: 7/7
  3979 | D:4      | 3979 ||| READING 2 scrolls labelled VAZXET JOUF.
  3979 | D:4      | Identified 2 scrolls of acquirement
  3979 | D:4      | 3979 ||| ACQUIRING amulet of reflection
  3979 | D:4      | Acquired an amulet of reflection
  3981 | D:4      | 3981 ||| UPGRADING to amulet of reflection.
  3986 | D:4      | 3986 ||| READING scroll of acquirement.
  3986 | D:4      | 3986 ||| ACQUIRING 534 gold pieces
  3986 | D:4      | Acquired 534 gold pieces
  4009 | D:5      | Entered Level 5 of the Dungeon
  4010 | D:5      | 4010 ||| STAIRDANCE
  4014 | D:5      | 4014 ||| STAIRDANCE
  4018 | D:5      | 4018 ||| STAIRDANCE
  4022 | D:5      | 4022 ||| STAIRDANCE
  4026 | D:5      | 4026 ||| STAIRDANCE
  4030 | D:5      | 4030 ||| STAIRDANCE
  4034 | D:5      | 4034 ||| STAIRDANCE
  4038 | D:5      | 4038 ||| STAIRDANCE
  4042 | D:5      | 4042 ||| STAIRDANCE
  4046 | D:5      | 4046 ||| STAIRDANCE
  4050 | D:5      | 4050 ||| STAIRDANCE
  4054 | D:5      | 4054 ||| STAIRDANCE
  4058 | D:5      | 4058 ||| STAIRDANCE
  4062 | D:5      | 4062 ||| STAIRDANCE
  4066 | D:5      | 4066 ||| STAIRDANCE
  4070 | D:5      | 4070 ||| STAIRDANCE
  4074 | D:5      | 4074 ||| STAIRDANCE
  4078 | D:5      | 4078 ||| STAIRDANCE
  4082 | D:5      | 4082 ||| STAIRDANCE
  4086 | D:5      | 4086 ||| STAIRDANCE
  4166 | D:5      | Noticed Ijyb
  4171 | D:5      | 4171 ||| DRINKING potion of cancellation.
  4176 | D:5      | Killed Ijyb
  4280 | D:5      | Reached skill level 8 in Ranged Weapons
  4472 | D:5      | Reached * piety under Okawaru
  4498 | D:5      | Reached skill level 1 in Invocations
  4574 | D:5      | Reached XP level 8. HP: 49/49 MP: 7/9
  4576 | D:5      | 4576 ||| DRINKING potion of curing.
  4576 | D:5      | 4576 ||| (to cure confusion)
  4940 | D:5      | Reached skill level 3 in Invocations
  5057 | D:5      | 5057 ||| SWAPPING to +0 orcbow.
  5058 | D:5      | 5058 ||| DROPPING +0 shortbow of flaming.
  5059 | D:5      | 5059 ||| READING scroll labelled MENIAS FAHUTWA.
  5060 | D:5      | 5060 ||| READING scroll labelled DISOQU VOEL.
  5061 | D:5      | 5061 ||| READING 5 scrolls of identify.
  5061 | D:5      | 5061 ||| IDENTIFYING metallic puce potion
  5101 | D:6      | Found a basalt altar of Yredelemnul.
  5112 | D:6      | 5112 ||| INVOKING Heroism.
  5150 | D:6      | Reached skill level 9 in Ranged Weapons
  5150 | D:6      | Reached ** piety under Okawaru
  5277 | D:6      | Found a sparkling altar of Nemelex Xobeh.
  5301 | D:6      | Reached skill level 3 in Dodging
  5398 | D:6      | 5398 ||| FLEEEEING.
  5399 | D:6      | 5399 ||| FLEEEEING.
  5400 | D:6      | 5400 ||| FLEEEEING.
  5404 | D:6      | 5404 ||| FLEEEEING.
  5405 | D:6      | 5405 ||| FLEEEEING.
  5406 | D:6      | 5406 ||| FLEEEEING.
  5407 | D:6      | 5407 ||| FLEEEEING.
  5412 | D:6      | 5412 ||| FLEEEEING.
  5413 | D:6      | 5413 ||| FLEEEEING.
  5414 | D:6      | 5414 ||| FLEEEEING.
  5415 | D:6      | 5415 ||| FLEEEEING.
  5416 | D:6      | 5416 ||| FLEEEEING.
  5417 | D:6      | 5417 ||| FLEEEEING.
  5418 | D:6      | 5418 ||| FLEEEEING.
  5419 | D:6      | 5419 ||| FLEEEEING.
  5420 | D:6      | 5420 ||| FLEEEEING.
  5421 | D:6      | 5421 ||| FLEEEEING.
  5422 | D:6      | 5422 ||| FLEEEEING.
  5423 | D:6      | 5423 ||| FLEEEEING.
  5424 | D:6      | 5424 ||| FLEEEEING.
  5425 | D:6      | 5425 ||| FLEEEEING.
  5426 | D:6      | 5426 ||| STAIRDANCE
  5468 | D:5      | 5468 ||| UPGRADING to +0 ring mail.
  5478 | D:5      | 5478 ||| DROPPING +0 leather armour.
  5479 | D:5      | 5479 ||| READING scroll labelled NOIRAH NEUQAP.
  5480 | D:5      | 5480 ||| READING 4 scrolls of identify.
  5480 | D:5      | 5480 ||| IDENTIFYING inky potion
  5481 | D:5      | 5481 ||| READING 3 scrolls of identify.
  5481 | D:5      | 5481 ||| IDENTIFYING orange potion
  5482 | D:5      | 5482 ||| DROPPING potion of berserk rage.
  5629 | D:6      | Found a shadowy altar of Dithmenos.
  5687 | D:7      | Reached skill level 6 in Fighting
  5687 | D:7      | Reached XP level 9. HP: 48/55 MP: 12/12
  5800 | D:7      | 5800 ||| READING scroll of enchant armour.
  5800 | D:7      | 5800 ||| ENCHANTING +0 pair of gloves.
  5928 | D:7      | 5928 ||| INVOKING Heroism.
  5932 | D:7      | 5932 ||| Stepping ~*~*~tactically~*~*~ (cloud).
  5933 | D:7      | 5933 ||| Stepping ~*~*~tactically~*~*~ (cloud).
  5938 | D:7      | Reached skill level 10 in Ranged Weapons
  6298 | D:7      | 6298 ||| UPGRADING to +4 ring of protection.
  6300 | D:7      | 6300 ||| READING 3 scrolls of identify.
  6300 | D:7      | 6300 ||| IDENTIFYING bubbling cyan potion
  6301 | D:7      | 6301 ||| READING 2 scrolls of identify.
  6301 | D:7      | 6301 ||| IDENTIFYING silvery potion
  6302 | D:7      | 6302 ||| DROPPING potion of degeneration.
  6337 | D:8      | 6337 ||| STAIRDANCE
  6339 | D:7      | 6339 ||| INVOKING Heroism.
  6343 | D:7      | HP: 8/55 [wight/+3 short sword (9)]
  6344 | D:7      | 6344 ||| READING 3 scrolls of teleportation.
  6345 | D:7      | 6345 ||| DRINKING potion of heal wounds.
  6347 | D:7      | Reached skill level 3 in Armour
  6439 | D:8      | 6439 ||| STAIRDANCE
  6506 | D:8      | Noticed a two-headed ogre
  6506 | D:8      | 6506 ||| INVOKING Heroism.
  6517 | D:8      | Killed a two-headed ogre
  6517 | D:8      | Reached *** piety under Okawaru
  6773 | D:8      | Found a runed translucent door.
  6774 | D:8      | Noticed qw's ghost (novice GrFi)
  6784 | D:8      | 6784 ||| INVOKING Heroism.
  6800 | D:8      | Reached XP level 10. HP: 65/65 MP: 11/13
  6808 | D:8      | Reached skill level 11 in Ranged Weapons
  6812 | D:8      | Found a staircase to the Lair.
  6859 | D:8      | 6859 ||| INVOKING Heroism.
  6904 | D:8      | Noticed a centaur warrior
  6917 | D:8      | 6917 ||| INVOKING Heroism.
  6922 | D:8      | Killed a centaur warrior
  6922 | D:8      | Reached **** piety under Okawaru
  7193 | D:8      | 7193 ||| INVOKING Heroism.
  7199 | D:8      | HP: 16/65 [slime creature (10)]
  7200 | D:8      | 7200 ||| READING 2 scrolls of teleportation.
  7296 | D:8      | 7296 ||| FLEEEEING.
  7297 | D:8      | 7297 ||| FLEEEEING.
  7298 | D:8      | 7298 ||| FLEEEEING.
  7307 | D:8      | 7307 ||| STAIRDANCE
  7383 | D:7      | 7383 ||| READING scroll labelled MEPPUSAMAO.
  7393 | D:8      | 7393 ||| INVOKING Heroism.
  7422 | D:8      | Found a glowing golden altar of the Shining One.
  7441 | D:8      | 7441 ||| INVOKING Heroism.
  7620 | D:8      | 7620 ||| READING scroll of enchant weapon.
  7620 | D:8      | 7620 ||| ENCHANTING +1 orcbow.
  7769 | D:8      | 7769 ||| INVOKING Heroism.
  7893 | D:8      | 7893 ||| INVOKING Heroism.
  7996 | D:8      | Found a radiant altar of Vehumet.
  8049 | D:8      | Reached skill level 12 in Ranged Weapons
  8172 | D:8      | 8172 ||| INVOKING Heroism.
  8275 | D:8      | 8275 ||| INVOKING Heroism.
  8296 | D:8      | Found a shimmering blue altar of Sif Muna.
  8300 | D:8      | 8300 ||| Stepping ~*~*~tactically~*~*~ (water).
  8386 | D:8      | 8386 ||| PLANNING LAIR
  8459 | Lair:1   | Entered Level 1 of the Lair of Beasts
  8464 | Lair:1   | Noticed a seven-headed hydra
  8465 | Lair:1   | Noticed qw's ghost (novice GrFi)
  8466 | Lair:1   | Noticed a moth of wrath
  8474 | Lair:1   | Noticed a moth of wrath
  8486 | Lair:1   | 8486 ||| INVOKING Heroism.
  8550 | Lair:1   | Noticed a cane toad
  8551 | Lair:1   | 8551 ||| FLEEEEING.
  8553 | Lair:1   | Noticed a cane toad
  8554 | Lair:1   | 8554 ||| FLEEEEING.
  8555 | Lair:1   | 8555 ||| STAIRDANCE
  8616 | Lair:1   | 8616 ||| INVOKING Heroism.
  8621 | Lair:1   | Killed a cane toad
  8622 | Lair:1   | Reached XP level 11. HP: 60/69 MP: 11/14
  8628 | Lair:1   | Reached skill level 13 in Ranged Weapons
  8708 | Lair:1   | Noticed Fannar
  8728 | Lair:1   | 8728 ||| INVOKING Heroism.
  8748 | Lair:1   | Reached skill level 9 in Fighting
  8755 | Lair:1   | 8755 ||| INVOKING Heroism.
  8761 | Lair:1   | Killed Fannar
  8781 | Lair:1   | 8781 ||| INVOKING Heroism.
  9000 | Lair:1   | You fall into a shaft and drop 1 floor!
  9012 | Lair:2   | 9012 ||| INVOKING Heroism.
  9022 | Lair:2   | HP: 15/71 [yak[a torpor snail] (4)]
  9023 | Lair:2   | 9023 ||| READING 2 scrolls of teleportation.
  9023 | Lair:2   | Mangled by an elephant

Levels and vault maps discovered:
D:1:      lightli_arrival_quake, layout_basic, serial_forest,
          infiniplex_forest_clump_long, infiniplex_forest_clump_large,
          infiniplex_forest_lined_2, infiniplex_forest_straight_4,
          infiniplex_forest_lined_3, infiniplex_forest_end_2,
          infiniplex_forest_straight_3
D:2:      layout_loops_corners, chequers_serial_rivers_large_b,
          minmay_misc_feat_room, uniq_crazy_yiuf_cottage, uniq_sigmund,
          uniq_jessica
D:3:      layout_loops_ring, mainiacjoe_overflow_alcove_4, serial_shops,
          nicolae_shop_competitors_out_of_business, kennysheep_generic_room_16
D:4:      kennysheep_the_goblin_king, layout_loops_corners,
          kennysheep_okawaru_gauntlet, nicolae_overflow_hidden_temple,
          temple_doors_cd, goddamned_bats
D:5:      layout_loops_corners, uniq_ijyb
D:6:      layout_cave_pools, nemelex_diamond_rough_becter, lemuel_round_altar,
          overflow_temple_1_default
D:7:      layout_basic, hangedman_abyss_or_decor_slice
D:8:      layout_loops_corners, mainiacjoe_overflow_chevrons,
          kennysheep_orc_sif_temple, mainiacjoe_overflow_boulevard,
          david_lair_generic, ebering_ghost_reflecting_pool,
          minmay_misc_feat_cross, minmay_manual_moon
Lair:1:   layout_gridlike, gammafunk_ghost_berserking_beasts,
          infiniplex_staircase_pool, uniq_fannar
Lair:2:   layout_cave_pods, minmay_snake_entry_guardpost_medium,
          grunt_megastairs_1

Skill      XL: |  1  2  3  4  5  6  7  8  9 10 11 |
---------------+----------------------------------+-----
Ranged Weapons | 5 6 7 8 9 10 12 13 | 13.6
Fighting       | 3 4 5 6 8 9 |  9.0
Armour         | 1 2 3 4 |  4.1
Dodging        | 2 3 5 |  5.0
Invocations    | 1 4 |  4.5
Stealth        | |  1.1

Action                     |  1- 3 |  4- 6 |  7- 9 | 10-12 || total
---------------------------+-------+-------+-------+-------++-------
   Fire: Shortbow          |   119 |   147 |   118 |       ||   384
         Orcbow            |       |       |   150 |   301 ||   451
 Invoke: Heroism           |       |       |     5 |    15 ||    20
    Use: Scroll            |     3 |    10 |    12 |     4 ||    29
         Potion            |       |       |     3 |       ||     3
 Armour: Leather armour    |    20 |    25 |    39 |       ||    84
         Ring mail         |       |       |    18 |   137 ||   155
  Dodge: Dodged            |    35 |    28 |    89 |   283 ||   435
  Block: Other             |       |       |    13 |    77 ||    90
         Reflection        |       |       |     6 |       ||     6

Table legend:
 A = Non-vault XP
 B = Vault XP
 C = Vault XP percentage of total XP
 D = Non-vault monster count
 E = Vault monster count
 F = Vault count percentage of total count
                 A         B        C        D         E       F
            +---------+---------+-------+---------+---------+-------
      Total |    8905 |    3443 |  27.9 |     164 |      47 |  22.3
            +---------+---------+-------+---------+---------+-------
        D:1 |      51 |       0 |   0.0 |      29 |       0 |   0.0
        D:2 |      59 |     260 |  81.5 |       9 |       2 |  18.2
        D:3 |      32 |       2 |   5.9 |      18 |       1 |   5.3
        D:4 |     234 |     193 |  45.2 |      18 |      29 |  61.7
        D:5 |     713 |      36 |   4.8 |      14 |       1 |   6.7
        D:6 |     566 |       0 |   0.0 |      16 |       0 |   0.0
        D:7 |    1181 |       0 |   0.0 |      17 |       0 |   0.0
        D:8 |    2696 |    2048 |  43.2 |      27 |      13 |  32.5
     Lair:1 |    3228 |     904 |  21.9 |      15 |       1 |   6.2
     Lair:2 |     145 |       0 |   0.0 |       1 |       0 |   0.0
            +---------+---------+-------+---------+---------+-------
